 Dungeon Crawl Stone Soup version 0.25-a0-782-g655279ceaa (webtiles) character file.

Game seed: 10093503253526402153, levelgen mode: deterministic

630 Flugslaktarn the Chopper (level 7, -1/61 HPs)
             Began as a Minotaur Fighter on Apr 16, 2020.
             Was an Initiate of Gozag.
             Slain by Edmund
             ... wielding a +6 flail of protection
              (14 damage)
             ... on level 5 of the Dungeon.
             The game lasted 00:01:26 (2808 turns).

Flugslaktarn the Chopper (Minotaur Fighter)         Turns: 2808, Time: 00:01:26

Health: -1/61      AC:  8    Str: 22    XL:     7   Next: 24%
Magic:  6/6        EV:  8    Int:  5    God:    Gozag
Gold:   104        SH: 10    Dex: 10    Spells: 6/6 levels left

rFire    . . .     SeeInvis .   a - +0 war axe
rCold    . . .     Gourm    .   c - +0 kite shield
rNeg     . . .     Faith    .   b - +0 scale mail
rPois    .         Spirit   .   (helmet restricted)
rElec    .         Reflect  .   (no cloak)
rCorr    .         Harm     .   (no gloves)
MR       .....                  g - +0 pair of boots
Stlth    ..........             (no amulet)
HPRegen  0.20/turn              (no ring)
MPRegen  0.10/turn              (no ring)

@: gold aura
A: retaliatory headbutt, horns 2
a: Potion Petition, Call Merchant, Bribe Branch, Renounce Religion


You were on level 5 of the Dungeon.
You worshipped Gozag.
Gozag was aware of your devotion.
You were very hungry.

You visited 2 branches of the dungeon, and saw 6 of its levels.

You collected 135 gold pieces.
You paid 31 gold pieces to Gozag.

Inventory:

Hand Weapons
 a - a +0 war axe (weapon)
Armour
 b - a +0 scale mail (worn)
 c - a +0 kite shield (worn)
 g - a +0 pair of boots (worn)
   (You found it on level 4 of the Dungeon)
Jewellery
 m - an uncursed amulet of regeneration {unknown}
   (You found it on level 3 of the Dungeon)
 r - an uncursed ring of poison resistance {unknown}
   (You found it on level 4 of the Dungeon)
 s - the ring "Tiyrph" {rPois rN+ Str-3 Slay+2 SInv, unknown}
   (You found it on level 4 of the Dungeon)

   [ring of poison resistance]

   It affects your strength (-3).
   It affects your accuracy and damage with ranged weapons and melee attacks
   (+2).
   It protects you from poison.
   It protects you from negative energy.
   It lets you see invisible.
Scrolls
 t - a scroll of teleportation
 x - 2 scrolls of remove curse
Potions
 d - 2 potions of might
 f - a potion of haste {unknown}
 j - 3 potions of berserk rage {unknown}
 k - 2 potions of flight {unknown}
 l - a potion of curing {unknown}
 p - a potion of stabbing {unknown}
 q - 4 potions of lignification {unknown}
Comestibles
 e - 6 rations


   Skills:
 + Level 5.5 Fighting
 * Level 6.3 Axes
 + Level 5.5 Armour
 + Level 5.5 Shields


You had 6 spell levels left.
You didn't know any spells.
Your spell library was empty.

Dungeon Overview and Level Annotations

Branches:
Dungeon (5/15)             Temple (1/1) D:4

Altars:
Cheibriados
Dithmenos
Fedhas
Gozag
Makhleb
Nemelex Xobeh
Okawaru
Qazlal
Ru
Sif Muna
Trog
Uskayaw
Vehumet
Wu Jian
Yredelemnul
Zin

Annotations:
D:4 exclusion: goblin
D:5 Edmund


Innate Abilities, Weirdness & Mutations

You reflexively headbutt those who attack you in melee.
You have a pair of horns on your head.


Message History

Edmund hits you with a +6 flail of protection!
* * * LOW HITPOINT WARNING * * *
You are too injured to fight recklessly!
You are too injured to fight recklessly!
You are too injured to fight recklessly!
You are too injured to fight recklessly!
You are too injured to fight recklessly!
You are too injured to fight recklessly!
You are too injured to fight recklessly!
You are too injured to fight recklessly!
You are too injured to fight recklessly!
You are too injured to fight recklessly!
You are too injured to fight recklessly!
You are too injured to fight recklessly!
You are too injured to fight recklessly!
You closely miss Edmund. You headbutt Edmund.
Edmund is moderately wounded.
Edmund hits you with a +6 flail of protection!
You die...
Your body crumbles into a pile of gold.

.....##
#.#####$)$......
....## ..
####.....#..
....# .###.
#...##... #####
.....##...# ...
##.....## ..
#.....$#
#...$$.##
#.#.......##
#....@.....#
.......@......#
.............##
.............#
............##
..........#.#
..........###
...........


You could see Edmund.

Vanquished Creatures
  An ogre (D:5)
  A scorpion (D:4)
  5 hounds
  2 orc priests (D:5)
  A centaur skeleton (D:5)
  An iguana (D:5)
  2 orc wizards (D:5)
  2 worker ants
  3 gnolls (D:4)
  An adder (D:5)
  2 adder skeletons (D:4)
  3 worms
  4 dart slugs
  3 leopard geckos
  7 orcs
  5 bats
  11 goblins
  5 hobgoblins
  5 jackals
  6 quokkas
  A ball python (D:1)
  A frilled lizard (D:1)
  3 kobolds (D:1)
  4 rats (D:1)
79 creatures vanquished.

Notes
Turn   | Place    | Note
-------+----------+-------------------------------------------
     0 | D:1      | Flugslaktarn the Minotaur Fighter began the quest for the
                  | Orb.
     0 | D:1      | Reached XP level 1. HP: 19/19 MP: 0/0
    42 | D:1      | Reached XP level 2. HP: 22/27 MP: 1/1
    70 | D:1      | Reached skill level 3 in Axes
   242 | D:1      | Reached XP level 3. HP: 31/33 MP: 2/2
   661 | D:4      | Reached XP level 4. HP: 32/40 MP: 3/3
   805 | D:4      | Reached skill level 4 in Axes
  1068 | D:4      | Reached XP level 5. HP: 35/47 MP: 4/4
  1428 | D:4      | Reached skill level 5 in Axes
  1694 | D:4      | Found a staircase to the Ecumenical Temple.
  1715 | D:4      | Reached XP level 6. HP: 31/55 MP: 5/5
  1721 | D:4      | Got a transparent iron ring
  1731 | Temple   | Entered the Ecumenical Temple
  2072 | Temple   | Became a worshipper of Gozag Ym Sagoz the Greedy
  2350 | D:5      | Entered Level 5 of the Dungeon
  2408 | D:5      | Reached skill level 5 in Fighting
  2408 | D:5      | Reached skill level 5 in Armour
  2408 | D:5      | Reached skill level 5 in Shields
  2661 | D:5      | Reached skill level 6 in Axes
  2769 | D:5      | Reached XP level 7. HP: 47/61 MP: 6/6
  2803 | D:5      | Noticed Edmund
  2808 | D:5      | Slain by Edmund

Levels and vault maps discovered:
D:1:      minmay_arrival_stone_box, layout_rooms, serial_park_tiny_pond,
          minmay_tetromino_l2
D:2:      layout_loops_ring
D:3:      layout_basic, kiku_gazebo_garden_becter, grunt_decor_resistance
D:4:      layout_loops_corners, minmay_temple_entry_butterflies, first_ration,
          hangedman_decor_opposing, minmay_goblin_outpost
D:5:      layout_cave_pools, lemuel_round_altar, uniq_menkaure, uniq_edmund,
          uniq_crazy_yiuf_cottage
Temple:   dpeg_five_rooms_temple

Skill      XL: |  1  2  3  4  5  6 |
---------------+-------------------+-----
Axes           | 3 4 5 6 |  6.3
Shields        | 4 5 |  5.5
Fighting       | 4 5 |  5.5
Armour         | 4 5 |  5.5

Action                   |  1- 3 |  4- 6 |  7- 9 || total
-------------------------+-------+-------+-------++-------
Melee: War axe           |    87 |   113 |    29 ||   229
       Headbutt          |    16 |    20 |     5 ||    41
  Use: Scroll            |       |     5 |       ||     5
  Eat: Chunk             |       |     2 |       ||     2
       Ration            |       |     1 |       ||     1
Armor: Scale mail        |    59 |    52 |    10 ||   121
Dodge: Dodged            |    28 |    25 |     6 ||    59
Block: Kite shield       |    67 |    66 |    10 ||   143

Table legend:
 A = Non-vault XP
 B = Vault XP
 C = Vault XP percentage of total XP
 D = Non-vault monster count
 E = Vault monster count
 F = Vault count percentage of total count
                 A         B        C        D         E       F
            +---------+---------+-------+---------+---------+-------
      Total |     876 |      25 |   2.8 |      67 |      12 |  15.2
            +---------+---------+-------+---------+---------+-------
        D:1 |      37 |       5 |  11.9 |      21 |       2 |   8.7
        D:2 |       4 |       0 |   0.0 |       2 |       0 |   0.0
        D:3 |      25 |       0 |   0.0 |       8 |       0 |   0.0
        D:4 |     342 |      20 |   5.5 |      17 |      10 |  37.0
        D:5 |     468 |       0 |   0.0 |      19 |       0 |   0.0
            +---------+---------+-------+---------+---------+-------
